| TOP OF THE 1ST |
|
New York Yankees batting - Pitching for Charlotte Knights : RHP Erik Hanson
|
|
Pitching: RHP Erik Hanson
|
|
|
Batting: RHB Orlando Cabrera
|
0-0: Ball 1-0: Called Strike 1-1: Swinging Strike 1-2: Ball 2-2: Strikes out swinging
|
|
Batting: LHB Bobby Abreu
|
0-0: Foul Ball, location: 2F 0-1: Foul Ball, location: 2F 0-2: Ball 1-2: Ball 2-2: Foul Ball, location: 2F 2-2: Ball 3-2: Fly out, F9 (Flyball, 9D, EV 108.8 MPH)
|
|
Batting: RHB Mike Lieberthal
|
0-0: Ball 1-0: Called Strike 1-1: Ball 2-1: Ball 3-1: Base on Balls
|
|
Batting: RHB Kazuhiro Kiyohara
|
0-0: Ball 1-0: Ball 2-0: Foul Ball, location: 2F 2-1: DOUBLE (Flyball, 78XD, EV 97.5 MPH) Mike Lieberthal to third Runner from 3rd tries for Home, SAFE, throw by CF to trailing runner, SAFE at third!
|
|
Batting: RHB Travis Fryman
|
0-0: Ball 1-0: Swinging Strike 1-1: Foul Ball, location: 2F 1-2: Strikes out swinging
|
| Top of the 1st over - 1 run, 1 hit, 0 errors, 1 left on base; New York 1 - Charlotte 0 |
| BOTTOM OF THE 1ST |
|
Charlotte Knights batting - Pitching for New York Yankees : LHP Greg Hibbard
|
|
Pitching: LHP Greg Hibbard
|
|
|
Batting: SHB Orlando Merced
|
0-0: Ball 1-0: Ball 2-0: Ball 3-0: Called Strike 3-1: Foul Ball, location: 2F 3-2: Fly out, F8 (Flyball, 89M, EV 72.5 MPH)
|
|
Batting: LHB Jason Giambi
|
0-0: Called Strike 0-1: Ball 1-1: Foul Ball, location: 2F 1-2: Ball 2-2: Ball 3-2: Strikes out swinging
|
|
Batting: RHB Shane Mack
|
0-0: Ball 1-0: Called Strike 1-1: Ball 2-1: Foul Ball, location: 2F 2-2: Fly out, F8 (Line Drive, 8LD, EV 84.4 MPH)
|
| Bottom of the 1st over - 0 runs, 0 hits, 0 errors, 0 left on base; New York 1 - Charlotte 0 |
| TOP OF THE 2ND |
|
New York Yankees batting - Pitching for Charlotte Knights : RHP Erik Hanson
|
|
Batting: RHB Ryan Thompson
|
0-0: Ball 1-0: Called Strike 1-1: Ball 2-1: Ball 3-1: Fly out, F9 (Flyball, 9, EV 75.6 MPH)
|
|
Batting: RHB Mike Gallego
|
0-0: Ball 1-0: Fly out, F9 (Flyball, 9, EV 86.3 MPH)
|
|
Batting: SHB Quinton McCracken
|
0-0: Called Strike 0-1: Fly out, F7 (Line Drive, 7, EV 96.9 MPH)
|
| Top of the 2nd over - 0 runs, 0 hits, 0 errors, 0 left on base; New York 1 - Charlotte 0 |
| BOTTOM OF THE 2ND |
|
Charlotte Knights batting - Pitching for New York Yankees : LHP Greg Hibbard
|
|
Batting: RHB Nomar Garciaparra
|
0-0: Ball 1-0: Ball 2-0: Ball 3-0: Called Strike 3-1: Called Strike 3-2: Ground out 6-3 (Groundball, 6, EV 87.5 MPH)
|
|
Batting: SHB David Segui
|
0-0: Ball 1-0: Ball 2-0: Foul Ball, location: 2F 2-1: Fly out, F6 (Line Drive, 6, EV 66.3 MPH)
|
|
Batting: RHB Chuck Knoblauch
|
0-0: Ball 1-0: Called Strike 1-1: Ball 2-1: Swinging Strike 2-2: Foul Ball, location: 2F 2-2: Reached on error, E6 (Groundball, 6, EV 86.3 MPH)
|
|
Batting: RHB Tony Batista
|
0-0: Ball 1-0: Swinging Strike 1-1: Fly out, F9 (Flyball, 9LD, EV 103.8 MPH)
|
| Bottom of the 2nd over - 0 runs, 0 hits, 1 error, 1 left on base; New York 1 - Charlotte 0 |
| TOP OF THE 3RD |
|
New York Yankees batting - Pitching for Charlotte Knights : RHP Erik Hanson
|
|
Batting: RHB Darren Lewis
|
0-0: Called Strike 0-1: Swinging Strike 0-2: Ball 1-2: Ball 2-2: Strikes out swinging, 2-3 out at first.
|
|
Batting: RHB Orlando Cabrera
|
0-0: Swinging Strike 0-1: Swinging Strike 0-2: Ball 1-2: Fly out, F3 (Line Drive, 3, EV 62.5 MPH)
|
|
Batting: LHB Bobby Abreu
|
0-0: Called Strike 0-1: Ball 1-1: Called Strike 1-2: Ball 2-2: Strikes out swinging
|
| Top of the 3rd over - 0 runs, 0 hits, 0 errors, 0 left on base; New York 1 - Charlotte 0 |
| BOTTOM OF THE 3RD |
|
Charlotte Knights batting - Pitching for New York Yankees : LHP Greg Hibbard
|
|
Batting: RHB Todd Zeile
|
0-0: Ball 1-0: Ball 2-0: Ground out 5-3 (Groundball, 5L, EV 87.5 MPH)
|
|
Batting: RHB Ruben Rivera
|
0-0: Ball 1-0: Called Strike 1-1: Ball 2-1: Ball 3-1: Foul Ball, location: 2F 3-2: Foul Ball, location: 2F 3-2: Base on Balls
|
|
Batting: SHB Orlando Merced
|
0-0: Foul Ball, location: 2F 0-1: Ball 1-1: Called Strike 1-2: SINGLE (Groundball, 6MD, EV 99.4 MPH) Ruben Rivera to second Runner from 2nd tries for 3rd, SAFE, throw by CF made to third
|
|
Batting: LHB Jason Giambi
|
0-0: Called Strike 0-1: Ball 1-1: Swinging Strike 1-2: Fly out, F8 (Flyball, 78S, EV 94.4 MPH) Runner from 3rd tags up, SCORES, throw by CF
|
|
Batting: RHB Shane Mack
|
0-0: Ball 1-0: Called Strike 1-1: Fly out, F8 (Flyball, 8RD, EV 106.3 MPH)
|
| Bottom of the 3rd over - 1 run, 1 hit, 0 errors, 1 left on base; New York 1 - Charlotte 1 |
| TOP OF THE 4TH |
|
New York Yankees batting - Pitching for Charlotte Knights : RHP Erik Hanson
|
|
Batting: RHB Mike Lieberthal
|
0-0: Called Strike 0-1: Called Strike 0-2: Ball 1-2: Ball 2-2: Foul Ball, location: 2F 2-2: Strikes out swinging
|
|
Batting: RHB Kazuhiro Kiyohara
|
0-0: Ball 1-0: Foul Ball, location: 2F 1-1: Ball 2-1: Foul Ball, location: 2F 2-2: Fly out, F6 (Flyball, 6D, EV 86.3 MPH)
|
|
Batting: RHB Travis Fryman
|
0-0: Called Strike 0-1: Ball 1-1: Foul Ball, location: 2F 1-2: Fly out, F8 (Line Drive, 8LM, EV 89.4 MPH)
|
| Top of the 4th over - 0 runs, 0 hits, 0 errors, 0 left on base; New York 1 - Charlotte 1 |
| BOTTOM OF THE 4TH |
|
Charlotte Knights batting - Pitching for New York Yankees : LHP Greg Hibbard
|
|
Batting: RHB Nomar Garciaparra
|
0-0: Called Strike 0-1: Fly out, F1 (Line Drive, P, EV 71.9 MPH)
|
|
Batting: SHB David Segui
|
0-0: Foul Ball, location: 2F 0-1: Foul Ball, location: 2F 0-2: Ground out 5-3 (Groundball, 56, EV 90.6 MPH)
|
|
Batting: RHB Chuck Knoblauch
|
0-0: Fly out, F9 (Flyball, 9S, EV 93.1 MPH)
|
| Bottom of the 4th over - 0 runs, 0 hits, 0 errors, 0 left on base; New York 1 - Charlotte 1 |
| TOP OF THE 5TH |
|
New York Yankees batting - Pitching for Charlotte Knights : RHP Erik Hanson
|
|
Batting: RHB Ryan Thompson
|
0-0: Swinging Strike 0-1: Swinging Strike 0-2: Ball 1-2: Strikes out swinging
|
|
Batting: RHB Mike Gallego
|
0-0: Ball 1-0: Ball 2-0: Called Strike 2-1: Ball 3-1: Base on Balls
|
|
Batting: SHB Quinton McCracken
|
0-0: Called Strike 0-1: Swinging Strike 0-2: Strikes out swinging
|
|
Batting: RHB Darren Lewis
|
0-0: Ball Mike Gallego is caught stealing 2nd base 2-4
|
| Top of the 5th over - 0 runs, 0 hits, 0 errors, 0 left on base; New York 1 - Charlotte 1 |
| BOTTOM OF THE 5TH |
|
Charlotte Knights batting - Pitching for New York Yankees : LHP Greg Hibbard
|
|
Batting: RHB Tony Batista
|
0-0: Foul Ball, location: 2F 0-1: SINGLE (Line Drive, 6MD, EV 100.6 MPH)
|
|
Batting: RHB Todd Zeile
|
0-0: Ground out 5-3 (Groundball, 56S, EV 72.5 MPH) Tony Batista to second
|
|
Batting: RHB Ruben Rivera
|
0-0: Ball 1-0: Called Strike 1-1: Ball 2-1: Foul Ball, location: 2F 2-2: Foul Ball, location: 2F 2-2: Fly out, F8 (Flyball, 89D, EV 85.0 MPH) Runner from 2nd tags up, SAFE at 3rd, no throw by CF
|
|
Batting: SHB Orlando Merced
|
0-0: Foul Ball, location: 2F 0-1: Ball 1-1: Ball 2-1: Foul Ball, location: 2F 2-2: Fly out, F8 (Flyball, 8LXD, EV 92.5 MPH)
|
| Bottom of the 5th over - 0 runs, 1 hit, 0 errors, 1 left on base; New York 1 - Charlotte 1 |
| TOP OF THE 6TH |
|
New York Yankees batting - Pitching for Charlotte Knights : RHP Erik Hanson
|
|
Batting: RHB Darren Lewis
|
0-0: Called Strike 0-1: Called Strike 0-2: Foul Ball, location: 2F 0-2: Ball 1-2: Ball 2-2: Ground out 1-3 (Groundball, 15S, EV 70.0 MPH)
|
|
Batting: RHB Orlando Cabrera
|
0-0: Ball 1-0: Ball 2-0: Foul Ball, location: 2F 2-1: Called Strike 2-2: Ground out 5-3 (Groundball, 5, EV 98.1 MPH)
|
|
Batting: LHB Bobby Abreu
|
0-0: Swinging Strike 0-1: Ball 1-1: SINGLE (Line Drive, 9S, EV 92.5 MPH)
|
|
Batting: RHB Mike Lieberthal
|
0-0: Ball 1-0: Called Strike 1-1: Fielders Choice at 2nd, 6-4 (Groundball, 6, EV 106.3 MPH)
|
| Top of the 6th over - 0 runs, 1 hit, 0 errors, 1 left on base; New York 1 - Charlotte 1 |
| BOTTOM OF THE 6TH |
|
Charlotte Knights batting - Pitching for New York Yankees : LHP Greg Hibbard
|
|
Batting: LHB Jason Giambi
|
0-0: Foul Ball, location: 2F 0-1: Ball 1-1: Foul Ball, location: 2F 1-2: Ball 2-2: Foul Ball, location: 2F 2-2: Ball 3-2: DOUBLE (Flyball, 89D, EV 109.4 MPH)
|
|
Batting: RHB Shane Mack
|
0-0: Ball 1-0: Sac Bunt to 15 - play at first, batter OUT! 1-3 Jason Giambi to third
|
|
Batting: RHB Nomar Garciaparra
|
0-0: Intentional Walk
|
|
Batting: SHB David Segui
|
0-0: Called Strike 0-1: Ball 1-1: Ball 2-1: Swinging Strike 2-2: Foul Ball, location: 2F 2-2: Ball 3-2: Base on Balls Nomar Garciaparra to second
|
|
Batting: RHB Chuck Knoblauch
|
0-0: Ball 1-0: Called Strike 1-1: Ball 2-1: Fly out, F9 (Line Drive, 9D, EV 91.3 MPH) Runner from 3rd tags up, SCORES, throw by RF Nomar Garciaparra to third
|
|
Batting: RHB Tony Batista
|
0-0: Called Strike 0-1: Called Strike 0-2: Ball 1-2: Ball 2-2: Fly out, F8 (Flyball, 8LD, EV 77.5 MPH)
|
| Bottom of the 6th over - 1 run, 1 hit, 0 errors, 2 left on base; New York 1 - Charlotte 2 |
| TOP OF THE 7TH |
|
New York Yankees batting - Pitching for Charlotte Knights : RHP Erik Hanson
|
|
Batting: RHB Kazuhiro Kiyohara
|
0-0: Called Strike 0-1: Swinging Strike 0-2: Ball 1-2: Ball 2-2: Foul Ball, location: 2F 2-2: Foul Ball, location: 2F 2-2: Ball 3-2: Strikes out swinging
|
|
Pitching: RHP Tim Burke
|
|
|
Batting: RHB Travis Fryman
|
0-0: SINGLE (Line Drive, 34, EV 108.8 MPH)
|
|
Batting: RHB Ryan Thompson
|
0-0: Foul Ball, location: 2F 0-1: Swinging Strike 0-2: Ball 1-2: Strikes out swinging
|
|
Batting: RHB Mike Gallego
|
0-0: Ball 1-0: Called Strike 1-1: Ball 2-1: Called Strike 2-2: Fielders Choice at 2nd, 5-4 (Groundball, 5L, EV 87.5 MPH)
|
| Top of the 7th over - 0 runs, 1 hit, 0 errors, 1 left on base; New York 1 - Charlotte 2 |
| BOTTOM OF THE 7TH |
|
Charlotte Knights batting - Pitching for New York Yankees : LHP Greg Hibbard
|
|
Batting: RHB Todd Zeile
|
0-0: Called Strike 0-1: Ground out 5-3 (Groundball, 56, EV 84.4 MPH)
|
|
Batting: RHB Ruben Rivera
|
0-0: Foul Ball, location: 2F 0-1: Called Strike 0-2: Foul Ball, location: 2F 0-2: Ball 1-2: Ball 2-2: Foul Ball, location: 2F 2-2: Foul Ball, location: 2F 2-2: Ball 3-2: Foul Ball, location: 2F 3-2: Fly out, F8 (Line Drive, 8RD, EV 91.3 MPH)
|
|
Batting: SHB Orlando Merced
|
0-0: Ball 1-0: Foul Ball, location: 2F 1-1: Ball 2-1: Swinging Strike 2-2: Foul Ball, location: 2F 2-2: Strikes out looking
|
| Bottom of the 7th over - 0 runs, 0 hits, 0 errors, 0 left on base; New York 1 - Charlotte 2 |
| TOP OF THE 8TH |
|
New York Yankees batting - Pitching for Charlotte Knights : RHP Tim Burke
|
|
Batting: SHB Quinton McCracken
|
0-0: Called Strike 0-1: Ball 1-1: Fly out, F1 (Line Drive, P, EV 68.8 MPH)
|
|
Batting: RHB Darren Lewis
|
0-0: Ball 1-0: Ball 2-0: Called Strike 2-1: Ball 3-1: Swinging Strike 3-2: Foul Ball, location: 2F 3-2: Ground out 6-3 (Groundball, 6, EV 81.3 MPH)
|
|
Batting: RHB Orlando Cabrera
|
0-0: Ball 1-0: Foul Ball, location: 2F 1-1: Foul Ball, location: 2F 1-2: Fly out, F8 (Flyball, 8LXD, EV 91.9 MPH)
|
| Top of the 8th over - 0 runs, 0 hits, 0 errors, 0 left on base; New York 1 - Charlotte 2 |
| BOTTOM OF THE 8TH |
|
Charlotte Knights batting - Pitching for New York Yankees : LHP Greg Hibbard
|
|
Pitching: RHP Jose Mesa
|
|
|
Batting: LHB Jason Giambi
|
0-0: Ball 1-0: Ball 2-0: Ball 3-0: Called Strike 3-1: Base on Balls
|
|
Batting: RHB Shane Mack
|
0-0: Sac Bunt to 3S - play at first, batter OUT! 3-4 Jason Giambi to second
|
|
Batting: RHB Nomar Garciaparra
|
0-0: Intentional Walk
|
|
Batting: SHB David Segui
|
0-0: Called Strike 0-1: Swinging Strike 0-2: Ball 1-2: SINGLE (Line Drive, 34D, EV 101.9 MPH) Jason Giambi to third Nomar Garciaparra to second
|
|
Pitching: RHP Lee Smith
|
|
|
Batting: RHB Chuck Knoblauch
|
0-0: SINGLE (Groundball, 34, EV 98.1 MPH) Jason Giambi scores Nomar Garciaparra to third David Segui to second Runner from 3rd tries for Home, SAFE, no throw by RF
|
|
Batting: RHB Tony Batista
|
0-0: Ball 1-0: Ball 2-0: Foul Ball, location: 2F 2-1: Swinging Strike 2-2: Strikes out swinging
|
|
Batting: RHB Todd Zeile
|
0-0: Called Strike 0-1: Ball 1-1: Called Strike 1-2: Ball 2-2: Foul Ball, location: 2F 2-2: Ball 3-2: Fly out, F9 (Line Drive, 9, EV 85.0 MPH)
|
| Bottom of the 8th over - 2 runs, 2 hits, 0 errors, 2 left on base; New York 1 - Charlotte 4 |
| TOP OF THE 9TH |
|
New York Yankees batting - Pitching for Charlotte Knights : RHP Tim Burke
|
|
Now at 3B: Neifi Perez
|
|
|
Now in LF: Carl Everett
|
|
|
Batting: LHB Bobby Abreu
|
0-0: Swinging Strike 0-1: Ball 1-1: Ball 2-1: Ball 3-1: Called Strike 3-2: Base on Balls
|
|
Pitching: RHP Matt Mantei
|
|
|
Batting: RHB Mike Lieberthal
|
0-0: Foul Ball, location: 2F 0-1: Foul Ball, location: 2F 0-2: Ball 1-2: Fly out, F8 (Flyball, 8RD, EV 92.5 MPH)
|
|
Batting: RHB Kazuhiro Kiyohara
|
0-0: Ball 1-0: Called Strike 1-1: Ball 2-1: Foul Ball, location: 2F 2-2: Strikes out swinging
|
|
Batting: RHB Travis Fryman
|
0-0: Called Strike 0-1: Ball 1-1: Swinging Strike 1-2: Foul Ball, location: 2F 1-2: Fly out, F8 (Flyball, 89S, EV 83.8 MPH)
|
| Top of the 9th over - 0 runs, 0 hits, 0 errors, 1 left on base; New York 1 - Charlotte 4 |
|